 Dungeon Crawl Stone Soup version bcrawl-1.27.8b (webtiles) character file.

Game seed: 12897797659792529293

125488 LostNumber the Sneak (level 4, -2/26 HPs)
             Began as a Vine Stalker Archaeologist on Nov 7, 2020.
             Slain by a scorpion (9 damage)
             ... on level 3 of the Dungeon.
             The game lasted 00:02:43 (1647 turns).

LostNumber the Sneak (Vine Stalker Archaeologist)   Turns: 1647, Time: 00:02:44

Health: -2/26      AC:  6    Str: 14    XL:     4   Next: 19%
Magic:  5/5        EV: 13    Int: 14    God:
Gold:   104        SH:  0    Dex: 13    Spells: 3/3 levels left

rFire    . . .     SeeInvis .   h - +0 dagger
rCold    . . .     Gourm    .   (no shield)
rNeg     + . .     Faith    .   b - +1 robe
rPois    +         Spirit   .   c - +1 hat
rElec    .         Reflect  .   (no cloak)
rCorr    .         Harm     .   (no gloves)
MR       .....                  d - +1 pair of boots
Stlth    +++.......             (no amulet)
HPRegen  0.48/turn              q - ring of poison resistance
MPRegen  0.09/turn              o - ring of positive energy

@: lethally poisoned (-2 -> -3)
A: fangs 2, regeneration 1, no potion heal 3, rot immunity, strong jaws
a: no special abilities


You were on level 3 of the Dungeon.
You were hungry.

You visited 1 branch of the dungeon, and saw 3 of its levels.

You collected 104 gold pieces.

Inventory:

Hand Weapons
 a - a +0 whip
 h - a +0 dagger (weapon)
   (You took it off a kobold on level 1 of the Dungeon)
Armour
 b - a +1 robe (worn)
 c - a +1 hat (worn)
 d - a +1 pair of boots (worn)
Jewellery
 m - an uncursed ring of flight
   (You found it on level 2 of the Dungeon)
 o - a ring of positive energy (right hand)
   (You found it on level 2 of the Dungeon)
 q - a ring of poison resistance (left hand)
   (You found it on level 3 of the Dungeon)
Scrolls
 g - a scroll of magic mapping
 k - a scroll of remove curse {unknown}
Potions
 i - a potion of ambrosia {unknown}
 j - 3 potions of flight {unknown}
 l - a potion of curing {unknown}
 n - a potion of berserk rage {unknown}
Miscellaneous
 f - a dusty tome
Comestibles
 e - 5 rations {!d!d}
 p - 3 chunks of flesh


   Skills:
 + Level 1.8 Fighting
 + Level 1.4 Short Blades
 - Level 0.8 Maces & Flails
 + Level 3.5 Dodging
 + Level 5.2 Stealth


You had 3 spell levels left.
You didn't know any spells.
Your spell library was empty.

Dungeon Overview and Level Annotations

Branches:
Dungeon (3/12)

Altars:

Annotations:
D:2 Sigmund


Innate Abilities, Weirdness & Mutations

You have extremely sharp teeth.
Your natural rate of healing is unusually fast.
Potions cannot restore your health.
You are immune to rotting.
Your bites deal extra damage.


Message History

You hit the rat.
You kill the rat!
You closely miss the scorpion. Your bite misses the scorpion.
The scorpion stings you but does no damage.
You hit the scorpion but do no damage.
The scorpion stings you but does no damage.
You barely miss the scorpion. The scorpion stings you.
You hit the scorpion. The scorpion closely misses you.
You hit the scorpion but do no damage. The scorpion misses you.
You hit the scorpion but do no damage. The scorpion misses you.
You closely miss the scorpion. You hit the scorpion but do no damage.
The scorpion stings you!
You closely miss the scorpion. The scorpion closely misses you.
You hit the scorpion but do no damage. The scorpion stings you.
You hit the scorpion but do no damage.
You bite the scorpion, but do no damage.
The scorpion stings you.
* * * LOW HITPOINT WARNING * * *
There is an open door here.
You hit the scorpion but do no damage. The scorpion completely misses you.
You hit the scorpion but do no damage. Your bite misses the scorpion.
The scorpion stings you.
You hit the scorpion. The scorpion closely misses you.
You barely miss the scorpion. You hit the scorpion.
Your bite misses the scorpion. The scorpion barely misses you.
You hit the scorpion but do no damage. The scorpion misses you.
You hit the scorpion. The scorpion closely misses you.
You hit the scorpion. The scorpion stings you.
You are poisoned.
The scorpion poisons you!
You are feeling hungry.
You hit the scorpion.
You feel sick. The scorpion misses you.
You hit the scorpion but do no damage. You bite the scorpion.
You feel sick. The scorpion closely misses you.
Unknown command.
You barely miss the scorpion. Your bite misses the scorpion.
You feel sick. The scorpion closely misses you.
You barely miss the scorpion.
You feel sick. The scorpion closely misses you.
You hit the scorpion but do no damage. The scorpion closely misses you.
You closely miss the scorpion.
You feel sick. The scorpion stings you.
* * * LOW HITPOINT WARNING * * *
You hit the scorpion but do no damage.
You feel sick. The scorpion closely misses you.
You hit the scorpion but do no damage. You hit the scorpion but do no damage.
Your bite misses the scorpion.
You feel sick. The scorpion stings you.
* * * LOW HITPOINT WARNING * * *
You hit the scorpion but do no damage. The scorpion stings you!
You die...

#....<# #.....#####
#.........###
#.........+.#.#
#.........#.#.#
#.........#.#.#
#.....##r##.#.#
#.....##s##.#.#
#.....##@##.#.##
#.....##.##.#..#####
########.##.(.......
#.##.....####
#.##.##..#
#.....#..#
####.....# ##....#
#....#


You could see a scorpion and a rat.

Vanquished Creatures
  A worker ant (D:3)
  An adder (D:3)
  An ooze (D:2)
  A worm (D:2)
  A dart slug (D:2)
  A leopard gecko (D:2)
  An orc (D:2)
  4 bats
  2 goblins (D:2)
  2 hobgoblins (D:1)
  3 frilled lizards
  8 kobolds
  2 rats
28 creatures vanquished.

Notes
Turn   | Place    | Note
-------+----------+-------------------------------------------
     0 | D:1      | LostNumber the Vine Stalker Archaeologist began the quest
                  | for the Orb.
     0 | D:1      | Reached XP level 1. HP: 11/11 MP: 2/2
   100 | D:1      | Reached skill level 1 in Fighting
   489 | D:1      | Reached XP level 2. HP: 16/16 MP: 3/3
   662 | D:2      | Noticed Sigmund
   938 | D:2      | Reached XP level 3. HP: 20/20 MP: 4/4
  1136 | D:2      | Reached skill level 1 in Short Blades
  1349 | D:2      | Reached skill level 5 in Stealth
  1499 | D:3      | Reached XP level 4. HP: 26/26 MP: 5/5
  1647 | D:3      | Slain by a scorpion

Skill      XL: |  1  2  3 |
---------------+----------+-----
Fighting       | 1 |  1.8
Short Blades   | 1 |  1.4
Stealth        | 5 |  5.2
Maces & Flails | |  0.8
Dodging        | |  3.5

Action                   |  1- 3 |  4- 6 || total
-------------------------+-------+-------++-------
Melee: Dagger            |    61 |    37 ||    98
       Whip              |     7 |       ||     7
       Bite              |     8 |     2 ||    10
 Stab: Sleeping          |    12 |       ||    12
  Eat: Chunk             |     3 |     1 ||     4
Armor: Robe              |    21 |     6 ||    27
Dodge: Dodged            |    42 |    20 ||    62
